 Dungeon Crawl Stone Soup version 0.21.0-3-g78d12a8 (webtiles) character file.

872 Gaball the Covert (level 8, -1/41 HPs)
             Began as a Kobold Enchanter on Jan 14, 2018.
             Slain by a sky beast (6 damage)
             ... on level 5 of the Dungeon.
             The game lasted 00:22:57 (7665 turns).

Gaball the Covert (Kobold Enchanter)                Turns: 7665, Time: 00:22:57

Health: -1/41      AC:  3    Str:  6    XL:     8   Next: 24%
Magic:  14/15      EV: 14    Int: 16    God:
Gold:   54         SH:  4    Dex: 17    Spells: 11/17 levels left

rFire    . . .     SeeInvis .   p - +1 short sword (venom)
rCold    . . .     Gourm    .   v - +0 buckler
rNeg     . . .     Faith    .   b - +0 robe
rPois    .         Spirit   .   l - +0 helmet
rElec    .         Reflect  .   (no cloak)
rCorr    .         Harm     .   (no gloves)
MR       .....                  (no boots)
Stlth    ++++......             (no amulet)
HPRegen  0.13/turn              (no ring)
MPRegen  0.14/turn              (no ring)

@: no status effects
A: small, carnivore
a: no special abilities


You were on level 5 of the Dungeon.
You were near starving.

You visited 2 branches of the dungeon, and saw 7 of its levels.

You collected 219 gold pieces.
You spent 165 gold pieces at shops.

Inventory:

Hand Weapons
 a - a +1 dagger
 p - a +1 short sword of venom (weapon)
Missiles
 z - 6 tomahawks of returning (quivered)
Armour
 b - a +0 robe (worn)
 l - a +0 helmet (worn)
 v - a +0 buckler (worn)
Scrolls
 f - a scroll of teleportation
 i - a scroll of random uselessness {unknown}
 j - a scroll of magic mapping {unknown}
 o - 2 scrolls of blinking {unknown}
 q - 4 scrolls of remove curse {unknown}
 u - a scroll of fog {unknown}
 w - a scroll of identify
 x - a scroll of enchant armour {unknown}
 y - a scroll of fear {unknown}
Potions
 e - 4 potions of curing
 g - 3 potions of heal wounds
 h - a potion of mutation {unknown}
 k - 3 potions of haste
 m - 2 potions of flight
 n - 2 potions of cancellation {unknown}
 r - a potion of resistance {unknown}
 s - 2 potions of degeneration
 t - a potion of lignification {unknown}
Books
 c - a book of Maledictions

   Spells                             Type                      Level
   a - Corona                         Hexes                        1
   b - Ensorcelled Hibernation        Hexes/Ice                    2
   c - Confuse                        Hexes                        3
   d - Tukima's Dance                 Hexes                        3
   e - Dazzling Spray                 Conjuration/Hexes            3
Comestibles
 d - 8 rations


   Skills:
 - Level 1.3 Short Blades
 - Level 2.4 Dodging
 + Level 8.0 Stealth
 + Level 5.2 Spellcasting
 + Level 1.6 Conjurations
 - Level 5.2 Hexes
 - Level 2.3 Ice Magic


You had 11 spell levels left.
You knew the following spells:

 Your Spells              Type           Power        Failure   Level  Hunger
a - Corona                Hex            ###....      2%          1    None
b - Ensorcelled Hibernat  Hex/Ice        ###...       8%          2    #......
c - Dazzling Spray        Conj/Hex       ###...       19%         3    ###....


Dungeon Overview and Level Annotations

Branches:
Dungeon (6/15)             Temple (1/1) D:5

Altars:
Ashenzari
Cheibriados
Elyvilon
Fedhas
Gozag
Hepliaklqana
Kikubaaqudgha
Makhleb
Okawaru
Qazlal
Ru
Sif Muna
Trog
Yredelemnul
Zin
The Shining One

Shops:
D:4 !

Annotations:
D:4 Sigmund
D:5 exclusion: door


Innate Abilities, Weirdness & Mutations

You are small and have problems with some larger weapons.
You are carnivorous and can eat meat at any time.


Message History

The sky beast shocks you.
* * * LOW HITPOINT WARNING * * *
Unknown command.
The sky beast flickers out of sight!
Deactivating autopickup; reactivate with Ctrl-A.
There is a stone staircase leading down here.
A sky beast appears from thin air!
Reactivating autopickup.
The sky beast flickers out of sight!
Deactivating autopickup; reactivate with Ctrl-A.
A sky beast appears from thin air!
Reactivating autopickup.
You are near starving!
There is an open door here.
The sky beast flickers out of sight!
Deactivating autopickup; reactivate with Ctrl-A.
Something hits you.
* * * LOW HITPOINT WARNING * * *
Something shocks you.
You die...

##...##⌠##.†.###....##
#_.#..'.'..#._#......##
##...##.##...###.......
##⌠##⌠.⌠##⌠## ##....##
#####'##### #.#.## #..#
#.### #.## ##'## ##.##
##...## #.@.# ##.....##
#.#.## ##.......##
#....####.........#
#.......'..........
#....####.........#
#......###.......##
#...##.# ##.....##
######.# ##...## #.#
##'##


There were no monsters in sight!

Vanquished Creatures
  An ogre (D:5)
  A centaur (D:5)
  A scorpion (D:4)
  3 hounds
  3 orc wizards
  A bullfrog skeleton (D:5)
  7 worker ants
  4 gnolls (D:4)
  11 adders
  2 shadow imps
  A worm (D:2)
  2 dart slugs
  3 leopard geckos
  22 orcs
  A ball python (D:1)
  10 bats
  5 giant cockroaches
  7 goblins
  9 hobgoblins
  7 jackals
  6 kobolds
  3 quokkas
  2 frilled lizards (D:1)
  A giant cockroach zombie (D:5)
  7 rats
120 creatures vanquished.

Notes
Turn   | Place    | Note
-------+----------+-------------------------------------------
     0 | D:1      | Gaball the Kobold Enchanter began the quest for the Orb.
     0 | D:1      | Reached XP level 1. HP: 10/10 MP: 3/3
   429 | D:1      | Reached XP level 2. HP: 8/15 MP: 1/5
  1197 | D:1      | Reached XP level 3. HP: 18/19 MP: 4/6
  1655 | D:2      | Found an iron altar of Okawaru.
  1681 | D:2      | Learned a level 2 spell: Ensorcelled Hibernation
  1685 | D:2      | Learned a level 3 spell: Dazzling Spray
  1902 | D:2      | Found a blossoming altar of Fedhas.
  2155 | D:2      | Reached skill level 5 in Stealth
  2176 | D:2      | Found a white marble altar of Elyvilon.
  2270 | D:2      | Reached XP level 4. HP: 19/24 MP: 3/8
  2539 | D:3      | Reached skill level 1 in Ice Magic
  2539 | D:3      | Reached XP level 5. HP: 28/28 MP: 7/9
  3411 | D:3      | Reached XP level 6. HP: 23/32 MP: 11/11
  3690 | D:4      | Noticed a phantom
  3860 | D:4      | Reached skill level 6 in Stealth
  4347 | D:4      | Noticed Sigmund
  4849 | D:4      | Reached XP level 7. HP: 14/36 MP: 13/13
  5507 | D:5      | Entered Level 5 of the Dungeon
  5610 | D:5      | Reached skill level 7 in Stealth
  5610 | D:5      | Reached skill level 5 in Hexes
  5905 | D:4      | Found Eqiuci's Distillery.
  5961 | D:4      | Bought 2 potions of heal wounds for 110 gold pieces
  5961 | D:4      | Bought a potion of heal wounds for 55 gold pieces
  6269 | D:5      | Found a staircase to the Ecumenical Temple.
  6682 | D:5      | Reached skill level 5 in Spellcasting
  6682 | D:5      | Reached skill level 1 in Conjurations
  6682 | D:5      | Reached XP level 8. HP: 41/41 MP: 12/15
  7084 | D:5      | Found a glowing silver altar of Zin.
  7095 | D:5      | Found a snail-covered altar of Cheibriados.
  7175 | D:5      | Reached skill level 8 in Stealth
  7225 | D:5      | Found a deep blue altar of Sif Muna.
  7386 | Temple   | Entered the Ecumenical Temple
  7629 | D:5      | HP: 2/41 [sky beast (6)]
  7665 | D:5      | Slain by a sky beast

Skill      XL: |  1  2  3  4  5  6  7  8 |
---------------+-------------------------+-----
Stealth        | 5 6 7 8 |  8.0
Spellcasting   | 3 4 5 |  5.2
Ice Magic      | 1 2 |  2.3
Hexes          | 4 5 |  5.2
Conjurations   | 1 |  1.6
Short Blades   | |  1.3
Dodging        | |  2.4

Action                   |  1- 3 |  4- 6 |  7- 9 || total
-------------------------+-------+-------+-------++-------
Melee: Dagger            |   127 |       |       ||   127
       Short sword       |     3 |   184 |    60 ||   247
 Cast: Corona            |    22 |    11 |     3 ||    36
       Ensorcelled Hiber |     6 |    26 |    24 ||    56
       Dazzling Spray    |       |     8 |    10 ||    18
  Use: Scroll            |       |     5 |     1 ||     6
       Potion            |       |     4 |     2 ||     6
 Stab: Sleeping          |    11 |    14 |    16 ||    41
       Invisible         |       |     1 |     1 ||     2
  Eat: Chunk             |     4 |    18 |     2 ||    24
Armor: Robe              |    28 |    33 |     7 ||    68
Dodge: Dodged            |   114 |   166 |    49 ||   329
Block: Buckler           |       |       |    11 ||    11
